 Dungeon Sprint DCSS version 0.29.1-15-g9cfb28693d (webtiles) character file.

Game seed: 7071626205506842867

12570 boopmooplesden the Phalangite (level 11, -15/184 HPs)
             Began as a Minotaur Berserker on Mar 19, 2023.
             Was the Champion of Trog.
             Killed from afar by a golden dragon (36 damage)
             ... with a bolt of fire
             ... in the Dungeon (Sprint II: "The Violet Keep of Menkaure").
             The game lasted 00:06:28 (3024 turns).

boopmooplesden the Phalangite (Minotaur Berserker)  Turns: 3024, Time: 00:06:29

Health: -15/184    AC: 10    Str: 26    XL:     11   Next: 64%
Magic:  3/3        EV: 16    Int:  2    God:    Trog [******]
Gold:   591        SH:  0    Dex: 10    Spells: 10/10 levels left

rFire   . . .      SeeInvis .   i - +4 glaive (antimagic)
rCold   . . .      Faith    .   (shield currently unavailable)
rNeg    . . .      Spirit   .   d - +2 ring mail of Skepticism {+Blink Will- rCorr Slay+5}
rPois   .          Reflect  .   c - +1 hat
rElec   .          Harm     .   n - scarf {repulsion}
rCorr   +          Rampage  .   (no gloves)
Will    +....      NoTele   +   (no boots)
Stlth   ..........              (no amulet)
HPRegen 1.40/turn               (no ring)
MPRegen 0.08/turn               (no ring)

@: berserking, lethally poisoned (-15 -> -16), strong-willed, regenerating,
repel missiles, very quick
A: horns 2, retaliatory headbutt, dopey 1
a: Renounce Religion, Evoke Blink, Berserk, Trog's Hand, Brothers in Arms


You were in the Dungeon.
You worshipped Trog.
Trog was exalted by your worship.
You visited 1 branch You collected 1200 gold pieces.
You spent 609 gold pieces at shops.

Inventory:

Hand Weapons
 a - a +0 spear
 i - a +4 antimagic glaive (weapon)
 A - a +0 demon trident
Armour
 b - a +0 animal skin
 c - a +1 hat (worn)
 d - the +2 ring mail of Skepticism (worn) {+Blink Will- rCorr Slay+5}
   (You bought it in a shop in the Dungeon)

   Slay:      It affects your accuracy & damage with ranged weapons and melee
   (+5).
   +Blink:    It lets you blink.
   rCorr:     It protects you from acid and corrosion.
   Will:      It decreases your willpower.
 n - a scarf of repulsion (worn)
Scrolls
 h - 5 scrolls of blinking
 l - a scroll of butterflies
 m - a scroll of immolation
 p - a scroll of magic mapping {unknown}
 r - a scroll of enchant weapon {unknown}
 s - 2 scrolls of vulnerability
 u - a scroll of brand weapon {unknown}
 v - 2 scrolls of enchant armour {unknown}
 y - a scroll of amnesia
Potions
 e - a potion of haste
 f - 5 potions of magic
 g - 2 potions of berserk rage
 j - a potion of lignification {unknown}
 k - a potion of mutation {unknown}
 o - 3 potions of flight
 q - 2 potions of might {unknown}
 t - 2 potions of resistance
 w - a potion of curing
 x - a potion of invisibility {unknown}
 z - a potion of heal wounds


   Skills:
 + Level 19.6 Fighting
 + Level 21.3 Polearms
 + Level 10.7 Armour
 + Level 14.7 Dodging
 + Level 4.3 Stealth


You had 10 spell levels left.
You didn't know any spells.
Your spell library was empty.

Dungeon Overview and Level Annotations

Branches:
Dungeon (1/1)

Altars:
Cheibriados
Dithmenos
Elyvilon
Fedhas
Gozag
Hepliaklqana
Kikubaaqudgha
Makhleb
Nemelex Xobeh
Okawaru
Qazlal
Ru
Sif Muna
Trog
Uskayaw
Vehumet
Wu Jian
Xom
Yredelemnul
Zin
The Shining One
Jiyva
Lugonu

Shops:
D (:=[[[*!:=?!(?[

Annotations:
D exclusions: oklob plant and orange crystal statue, Roxanne


Innate Abilities, Weirdness & Mutations

You have a pair of horns on your head.
You reflexively headbutt those who attack you in melee.
You are dopey. (Int -2)


Message History

You feel very sick.
The storm dragon is engulfed in poison gas.
The storm dragon looks even sicker.
Your skin crawls.
You feel strong-willed.
You feel very sick.
The storm dragon is engulfed in poison gas.
The storm dragon looks even sicker.
The frost giant is engulfed in poison gas.
The frost giant looks even sicker.
You feel much better.
You feel very sick.
The frost giant is engulfed in poison gas.
The frost giant looks even sicker.
A red film seems to cover your vision as you go berserk!
You feel yourself moving faster!
You feel mighty!
You feel sick.
The deep elf high priest shouts!
The storm dragon breathes lightning at you.
The bolt of lightning hits you!!
* * * LOW HITPOINT WARNING * * *
You open the storm dragon like a pillowcase!!!
The storm dragon is heavily wounded.
You feel sick. The storm dragon bites you!
* * * LOW HITPOINT WARNING * * *
The storm dragon claws you!
* * * LOW HITPOINT WARNING * * *
The storm dragon closely misses you.
You hit the storm dragon. You headbutt the storm dragon!
The storm dragon is severely wounded.
You barely miss the golden dragon.
You feel sick.
You hit the golden dragon. You headbutt the golden dragon!
The golden dragon is moderately wounded.
You hit the golden dragon.
The golden dragon is moderately wounded.
You feel sick.
You slash the golden dragon!
The golden dragon is moderately wounded.
The golden dragon breathes fire at you. The bolt of fire hits you!!!
You die...

#### §§8≈≈§≈≈ Ce##...####
≈≈§§≈≈≈§
...DD....~##≈≈≈§≈≈
############~~#§§'#''+##
###########~~~....)§...#
##∩.∩.....#~e~~.##)##..#
##.∩.∩....#~~~~##.#.##
##..∩.∩...#~~~~#.###.# ..
##...∩.∩.@#C~####.#.####..
##....∩.⌠.DD.....#'###.##.
##...∩.∩..#~#...##)##...#.
##....∩...'~'.#.'.<.'###+.
##.∩.∩....#~#.).##.##...#.
#▓▓▓▓▓▓▓###~##|###'###.##.
##?ZZ######~~####.#.####~~
#!E.#F$ ##~~~#..#..#~~~§
#∩P(+?.# #'#~###.###~~§~


You could see a golden dragon (catching breath), an iron elemental, a storm
dragon (very poisoned), a frost giant (very poisoned), a deep elf high priest, a
spectral adder and a spectral giant cockroach.

Vanquished Creatures
  A bone dragon (D)
  A kraken (D)
  Kirke (D)
  A cacodemon (D)
  A yaktaur captain (D)
  2 boulder beetles (D)
  A centaur warrior (D)
  A skeletal warrior (D)
  An elephant (D)
  A merfolk siren (D)
  A kobold demonologist (D)
  A yaktaur (D)
  3 polar bears (D)
  A hornet (D)
  12 flying skulls (D)
  3 wyverns (D)
  Menkaure (D)
  3 water moccasins (D)
  5 scorpions (D)
41 creatures vanquished.

Vanquished Creatures (others)
  A water moccasin (D)
  20 tentacles (D)
21 creatures vanquished.

Grand Total: 62 creatures vanquished

Notes
Turn   | Place    | Note
-------+----------+-------------------------------------------
     0 | D        | boopmooplesden the Minotaur Berserker began the quest for
                  | the Orb.
     0 | D        | Reached XP level 1. HP: 19/19 MP: 0/0
     1 | D        | Noticed a wyvern
     1 | D        | Noticed a wyvern
     4 | D        | Noticed a boulder beetle
     4 | D        | Noticed a boulder beetle
     7 | D        | Noticed a scorpion
     7 | D        | Noticed a scorpion
     7 | D        | Noticed a scorpion
     7 | D        | Noticed a scorpion
    18 | D        | Killed a scorpion
    19 | D        | Reached skill level 6 in Polearms
    19 | D        | Reached XP level 2. HP: 18/31 MP: 1/1
    19 | D        | Reached XP level 3. HP: 22/38 MP: 2/2
    23 | D        | Killed a scorpion
    24 | D        | Reached skill level 7 in Polearms
    24 | D        | Reached XP level 4. HP: 28/48 MP: 3/3
    34 | D        | Killed a scorpion
    34 | D        | Reached ** piety under Trog
    35 | D        | Reached skill level 8 in Polearms
    35 | D        | Reached skill level 5 in Dodging
    35 | D        | Reached XP level 5. HP: 7/57 MP: 4/4
    36 | D        | Reached skill level 9 in Polearms
    36 | D        | Reached skill level 5 in Armour
   209 | D        | Noticed a merfolk siren
   220 | D        | Killed a merfolk siren
   221 | D        | Reached skill level 11 in Polearms
   221 | D        | Reached XP level 6. HP: 39/69 MP: 5/5
   221 | D        | Reached XP level 7. HP: 42/75 MP: 6/6
   377 | D        | Killed a wyvern
   377 | D        | Reached *** piety under Trog
   378 | D        | Reached skill level 12 in Polearms
   384 | D        | Killed a wyvern
   385 | D        | Reached skill level 13 in Polearms
   396 | D        | Found Zyutul's Antique Armour Shop.
   396 | D        | Found Opebbiop's Distillery.
   396 | D        | Found Naimea Ysko's Magic Scroll Boutique.
   396 | D        | Found Rakobral's Magic Scroll Shop.
   397 | D        | Found Sipawer's Jewellery Shop.
   397 | D        | Found Locka's Book Boutique.
   397 | D        | Found Ceohaona's Distillery.
   397 | D        | Found Saokhy's Assorted Antiques.
   398 | D        | Found Xomp's Antique Weapon Shop.
   398 | D        | Found Veczopp's Antique Armour Boutique.
   400 | D        | Noticed a flying skull
   562 | D        | Found Werph's Antique Armour Shop.
   563 | D        | Noticed Menkaure
   563 | D        | Noticed an iron elemental
   576 | D        | Killed Menkaure
   577 | D        | Reached XP level 8. HP: 86/86 MP: 7/7
   578 | D        | Found Meunuth's Antique Armour Boutique.
   578 | D        | Found Manigax's Jewellery Shop.
   578 | D        | Noticed an oklob plant
   579 | D        | Found Muemyman's Book Shoppe.
   579 | D        | Found Gaeh's Antique Weapon Boutique.
   583 | D        | Noticed a cane toad
   584 | D        | Noticed a cane toad
   586 | D        | Bought an embroidered hat for 133 gold pieces
   595 | D        | Bought a smouldering ring mail for 252 gold pieces
   595 | D        | Identified the +2 ring mail of Skepticism {+Blink Will-
                  | rCorr Slay+5} (You bought it in a shop in the Dungeon)
   648 | D        | Noticed a flying skull
   648 | D        | Noticed a flying skull
   648 | D        | Noticed a flying skull
   648 | D        | Noticed a flying skull
   648 | D        | Noticed a flying skull
   648 | D        | Noticed a flying skull
   649 | D        | Noticed a flying skull
   649 | D        | Noticed a flying skull
   649 | D        | Noticed a flying skull
   650 | D        | Noticed a flying skull
   650 | D        | Noticed a flying skull
   668 | D        | Killed a flying skull
   675 | D        | Killed a flying skull
   675 | D        | Reached **** piety under Trog
   676 | D        | Reached skill level 14 in Polearms
   677 | D        | Killed a flying skull
   678 | D        | Killed a flying skull
   680 | D        | Killed a flying skull
   684 | D        | Killed a flying skull
   684 | D        | Reached ***** piety under Trog
   685 | D        | Reached skill level 15 in Polearms
   685 | D        | Reached XP level 9. HP: 91/96 MP: 8/8
   690 | D        | Reached skill level 15 in Fighting
   690 | D        | Reached skill level 10 in Dodging
   704 | D        | Reached skill level 16 in Polearms
   712 | D        | Received a gift from Trog
   918 | D        | Found a glowing silver altar of Zin.
   918 | D        | Found a radiant altar of Vehumet.
   918 | D        | Found an iron altar of Okawaru.
   919 | D        | Found a basalt altar of Yredelemnul.
   919 | D        | Found a hide-covered altar of Uskayaw.
   919 | D        | Found a sparkling altar of Nemelex Xobeh.
   919 | D        | Found a glowing golden altar of the Shining One.
   920 | D        | Found a shimmering altar of Xom.
   920 | D        | Found a bloodstained altar of Trog.
   920 | D        | Found a burning altar of Makhleb.
   920 | D        | Found an opulent altar of Gozag.
   921 | D        | Found an ornate altar of the Wu Jian Council.
   921 | D        | Found a shimmering blue altar of Sif Muna.
   921 | D        | Found a corrupted altar of Lugonu.
   921 | D        | Found a blossoming altar of Fedhas.
   923 | D        | Found a sacrificial altar of Ru.
   923 | D        | Found an ancient bone altar of Kikubaaqudgha.
   923 | D        | Found a white marble altar of Elyvilon.
   924 | D        | Found a stormy altar of Qazlal.
   924 | D        | Found a viscous altar of Jiyva.
   924 | D        | Found a shadowy altar of Dithmenos.
   925 | D        | Found a hazy altar of Hepliaklqana.
   925 | D        | Found a snail-covered altar of Cheibriados.
   927 | D        | Noticed a yaktaur
   927 | D        | Noticed a polar bear
   927 | D        | Noticed a polar bear
   931 | D        | Killed a polar bear
   932 | D        | Reached skill level 1 in Stealth
   932 | D        | Noticed a polar bear
   935 | D        | Killed a polar bear
   937 | D        | Killed a yaktaur
   947 | D        | Killed a polar bear
   948 | D        | Reached skill level 17 in Polearms
   948 | D        | Reached XP level 10. HP: 70/108 MP: 3/9
  1042 | D        | Noticed a kraken
  1058 | D        | Reached ****** piety under Trog
  1168 | D        | HP: 4/110 [tentacle[a kraken] (3)]
  1175 | D        | Found the +2 Maxwell's thermic engine {flame, freeze}
  1705 | D        | Killed a kraken
  1705 | D        | Received a gift from Trog
  1706 | D        | Reached skill level 18 in Polearms
  1954 | D        | Noticed Roxanne
  1988 | D        | Bought an embroidered scarf for 224 gold pieces
  2034 | D        | Killed a boulder beetle
  2045 | D        | Killed a boulder beetle
  2132 | D        | Noticed an orange crystal statue
  2135 | D        | Noticed Kirke
  2135 | D        | Noticed a yaktaur captain
  2152 | D        | Killed a yaktaur captain
  2153 | D        | Reached skill level 19 in Polearms
  2162 | D        | Noticed an elephant
  2232 | D        | Noticed a skeletal warrior
  2238 | D        | Killed a skeletal warrior
  2239 | D        | Reached XP level 11. HP: 51/121 MP: 3/10
  2246 | D        | Killed Kirke
  2246 | D        | Received a gift from Trog
  2452 | D        | Noticed a centaur warrior
  2457 | D        | Noticed a cacodemon
  2460 | D        | Killed a centaur warrior
  2461 | D        | Reached skill level 20 in Polearms
  2461 | D        | Reached skill level 10 in Armour
  2463 | D        | Gained mutation: You are dopey. (Int -2) [a cacodemon]
  2469 | D        | Killed a cacodemon
  2785 | D        | Noticed a bone dragon
  2785 | D        | Noticed a golden dragon
  2807 | D        | Killed a bone dragon
  2808 | D        | Reached skill level 21 in Polearms
  3006 | D        | Noticed a deep elf high priest
  3006 | D        | Noticed a storm dragon
  3006 | D        | Noticed a frost giant
  3024 | D        | Killed from afar by a golden dragon

Illustrated notes

Levels and vault maps discovered:
D:        the_violet_keep_of_menkaure [sprint2_stairs_cluster_1,
          sprint2_shoproom, sprint2_temple, sprint2_basic_supplies,
          sprint2_obstacle_1, sprint2_obstacle_6, sprint2_obstacle_4,
          sprint2_obstacle_7, sprint2_obstacle_5, sprint2_timed_cluster_1,
          sprint2_smallroom_cluster_1, sprint2_smallroom_final_cluster_1,
          sprint2_transparent_cluster_1, sprint2_second_timed_cluster_1,
          sprint2_sniper_area_1, sprint2_heavy_combat_area_1,
          sprint2_mutation_trap_area_1, sprint2_forest_area_1,
          sprint2_light_combat_area_1, sprint2_behind_water_1,
          sprint2_near_end_vault_1]

Skill      XL: |  1  2  3  4  5  6  7  8  9 10 11 |
---------------+----------------------------------+-----
Fighting       | 6 7 9 11 13 14 16 18 19 | 19.6
Polearms       | 6 7 8 11 13 15 17 19 21 | 21.3
Armour         | 3 4 5 6 7 8 9 10 | 10.7
Dodging        | 3 4 5 7 8 9 11 13 14 | 14.7
Stealth        | 1 3 4 |  4.3

Action                   |  1- 3 |  4- 6 |  7- 9 | 10-12 || total
-------------------------+-------+-------+-------+-------++-------
Melee: Spear             |    12 |    20 |    59 |       ||    91
       Headbutt          |       |     3 |    21 |    26 ||    50
       Glaive            |       |       |    14 |    76 ||    90
Invok: Berserk           |     1 |       |     4 |     6 ||    11
       Trog's Hand       |       |       |     1 |     2 ||     3
  Use: Potion            |     1 |     1 |       |     3 ||     5
       Scroll            |       |       |       |     6 ||     6
Armor: Animal skin       |     3 |     4 |       |       ||     7
       Ring mail         |       |       |    27 |    19 ||    46
Dodge: Dodged            |     8 |     5 |    56 |    43 ||   112
